 Dungeon Crawl Stone Soup version 0.31-a0-889-g1a8549509d (webtiles) character file.

Game seed: 2520698463310115665

63 Azuregosa the Conjurer (level 3, 14/14 HPs)
             Began as a Felid Conjurer on Oct 16, 2023.
             Quit the game on level 3 of the Dungeon.
             The game lasted 00:10:25 (2939 turns).

Azuregosa the Conjurer (Felid Conjurer)             Turns: 2939, Time: 00:10:26

Health: 14/14      AC:  1    Str:  3    XL:     3   Next: 87%
Magic:  7/7        EV: 18    Int: 21    God:
Gold:   158        SH:  5    Dex: 14    Spells: 3/7 levels left
                                        Lives:  0   Deaths: 1

rFire   . . .        (weapon unavailable)
rCold   . . .        (shield unavailable)
rNeg    . . .        (body armour unavailable)
rPois   .            (helmet unavailable)
rElec   .            (cloak unavailable)
rCorr   .            (gloves unavailable)
SInv    +            (boots unavailable)
Will    .....        g - amulet of reflection
Stlth   ++           (no ring)
HPRegen 0.22/turn    (no ring)
MPRegen 0.10/turn

%: reflection
@: quick
A: very small, claws 1, fangs 3, see invisible, speed 1, shaggy fur 1, stealthy
paws, no weapons or thrown items, no armour, multi-lived
a: no special abilities


You were on level 3 of the Dungeon.
You visited 1 branch of the dungeon, and saw 4 of its levels.

You collected 158 gold pieces.

Inventory:

Jewellery
 g - an amulet of reflection (around neck)
Scrolls
 b - a scroll of fear {unknown}
 c - a scroll of immolation {unknown}
 d - a scroll of vulnerability {unknown}
 e - 2 scrolls of poison
 i - a scroll of acquirement {unknown}
Potions
 a - a potion of magic
 f - a potion of berserk rage {unknown}
 h - a potion of degeneration {unknown}


   Skills:
 + Level 3.6 Dodging
 + Level 3.9 Stealth
 + Level 2.6 Spellcasting
 + Level 4.0 Conjurations


You had 3 spell levels left.
You knew the following spells:

 Your Spells              Type           Power      Damage    Failure   Level
a - Magic Dart            Conj           76%        1d6       2%          1
b - Dazzling Flash        Conj/Hex       22%        N/A       19%         3

Your spell library contained the following spells:

 Spells                   Type           Power      Damage    Failure   Level
 Searing Ray              Conj           38%        2d5       4%          2
 Apportation              Tloc           4%         N/A       14%         1
 Jinxbite                 Hex            4%         N/A       22%         2
 Fulminant Prism          Conj/Hex       5%         3d6       52%         4
 Iskenderun's Mystic Bla  Conj/Tloc      11%        2d4       52%         4
 Alistair's Intoxication  Tmut/Pois      1%         N/A       98%         5


Dungeon Overview and Level Annotations

Branches:
Dungeon (4/15)
 Temple: D:4-7

Altars:

Annotations:
D:3 JaaP's ghost, amateur MiBe


Innate Abilities, Weirdness & Mutations

You have sharp claws.
You have razor-sharp teeth.
You have supernaturally acute eyesight. (SInv)
You cover ground quickly. (Speed+)
You are covered in fur. (AC +1)
Your paws help you pounce on unaware monsters.
You are incapable of wielding weapons or throwing items.
You cannot wear armour.
You gain extra lives every three experience levels.


Message History

There is a transporter here.
You see here a +0 pair of boots.
There is a transporter landing site here.
You can't go down here!
You see here a +0 sling.
There is a transporter here.
You enter the transporter and appear at another place.
You scratch the howler monkey zombie.
The howler monkey zombie is lightly damaged.
The howler monkey zombie hits you. You block the bullfrog zombie's attack.
The howler monkey zombie misses you. You block the bullfrog zombie's attack.
You see here a book of Party Tricks.
You pick up a book of Party Tricks and begin reading...
You add the spells Apportation, Jinxbite and Alistair's Intoxication to your library.
The bullfrog zombie hits you!
Ouch! That really hurt!
* * * LOW HITPOINT WARNING * * *
You block the howler monkey zombie's attack.
The centaur zombie hits you but does no damage.
The centaur zombie misses you. The bullfrog zombie barely misses you.
You see here 12 gold pieces.
The bullfrog zombie attacks as it pursues you!
The bullfrog zombie closely misses you.
The centaur zombie attacks as it pursues you!
The centaur zombie barely misses you. The centaur zombie closely misses you.
The bullfrog zombie attacks as it pursues you!
The bullfrog zombie barely misses you.
There is a transporter here.
You enter the transporter and appear at another place.
The bullfrog zombie misses you. JaaP's ghost hits you!
Ouch! That really hurt!
You die...
The bullfrog zombie misses you.
You rejoin the land of the living...
Okay, then.
Unknown command.
You start waiting.
Done waiting.
Are you sure you want to abandon this character and quit the game? (Confirm with "yes".)

w##....#####.#....#.# #.......#
..)...............#.###.#####.#
.##.#'######.#..............#.###
.........o.#.####.#.###...#.#.#.w
..#.#.####.#.####.#.###...#.#.#.#
..#.#.####.#..............#.#.#.#
..#.#.#..#.#..###......#..#.#.#w#
..#.#.#..#.#...........#..#.#.#.#
..#.#.#..#.#...#@......#..#.#.#.#
..#.#......#...#.......#..#.#.#.#
.....♣♣........)...............>.
..# ♣♣♣♣.....#..#######.#.#...#
.##♣♣♣♣ ♣♣♣♣..#............#...#
...♣..♣♣♣♣♣♣...#..........###....
....♣♣..♣.♣♣♣..#.######<#####.###
...♣♣.♣♣♣.♣♣...#..............#
....♣.♣♣.♣♣♣♣..#.######.#####.#


There were no monsters in sight!

Vanquished Creatures
  An adder (D:2)
  3 orcs (D:3)
  3 bats
  8 endoplasms
  2 giant cockroaches
  6 goblins
  5 hobgoblins
  A quokka (D:1)
  4 ball pythons
  3 frilled lizards
  5 kobolds
  3 rats
44 creatures vanquished.

Notes
Turn   | Place    | Note
-------+----------+-------------------------------------------
     0 | D:1      | Azuregosa the Felid Conjurer began the quest for the Orb.
     0 | D:1      | Reached XP level 1. HP: 7/7 MP: 4/4
   297 | D:1      | Reached XP level 2. HP: 11/11 MP: 0/6
  1081 | D:2      | Reached XP level 3. HP: 14/14 MP: 4/7
  1085 | D:2      | Learned a level 3 spell: Dazzling Flash
  2287 | D:3      | Found a faded altar of an unknown god.
  2307 | D:3      | Reached skill level 4 in Conjurations
  2744 | D:3      | Found a transporter.
  2763 | D:3      | Found a transporter.
  2767 | D:3      | Noticed JaaP's ghost (amateur MiBe)
  2838 | D:3      | Mangled by JaaP's ghost
  2939 | D:3      | Quit the game

Illustrated notes

Levels and vault maps discovered:
D:1:      dpeg_arrival_shelter, layout_basic
D:2:      layout_loops_ring, nicolae_elevator_lobby_asterisk
D:3:      layout_basic, gammafunk_ghost_mausoleum,
          chequers_ecumenical_altar_grove, uniq_crazy_yiuf_cottage
D:4:      layout_loops_ring, minmay_temple_entry_overgrown, grunt_ministairs_15

Skill      XL: |  1  2  3 |
---------------+----------+-----
Stealth        | 3 |  3.9
Dodging        | 3 |  3.6
Conjurations   | 4 |  4.0
Spellcasting   | |  2.6

Action                     || total
---------------------------++-------
  Melee: Unarmed           ||    13
         Bite              ||     2
   Cast: Magic Dart        ||   115
    Use: Scroll            ||     1
 Armour: Skin              ||    12
  Dodge: Dodged            ||    45
  Block: Other             ||     6

Table legend: (Time is in decaauts)
 A = Elapsed time spent in this place.
 B = Non-inter-level travel time spent in this place.
 C = Inter-level travel time spent in this place.
 D = Time resting spent in this place.
 E = Time spent auto-exploring this place.
 F = Levels seen in this place.
 G = Mean time per level.
                   A        B        C        D        E       F      G
               +--------+--------+--------+--------+--------+-----+--------+
         Total |   2648 |   2648 |      0 |    964 |   1045 |   4 |  662.0 |
       Dungeon |   2648 |   2648 |      0 |    964 |   1045 |   4 |  662.0 |
               +--------+--------+--------+--------+--------+-----+--------+

Top non-repeatable levels by time:
     D:2: 1082 daAuts
     D:3: 797 daAuts
     D:1: 702 daAuts
     D:4: 65 daAuts
